 Dungeon Crawl Stone Soup version 0.22-a0-305-gd21a89c (webtiles) character file.

189777 4thArraOfDagon the Eclecticist (level 17, -2/133 HPs)
             Began as a Mummy Enchanter on Mar 31, 2018.
             Was a High Priest of Ru.
             Slain by a black mamba (13 damage)
             ... on level 2 of the Snake Pit.
             The game lasted 01:45:57 (27284 turns).

4thArraOfDagon the Eclecticist (Mummy Enchanter)   Turns: 27284, Time: 01:45:58

Health: -2/133     AC:  6    Str: 14    XL:     17   Next: 95%
Magic:  34/38      EV: 11    Int: 28    God:    Ru [*****.]
Gold:   2459       SH:  6    Dex: 12    Spells: 35/50 levels left

rFire    x x .     SeeInvis .   E - +11 morningstar "Egaoz" {protect, rC+}
rCold    + . .     Gourm    .   (no shield)
rNeg     + + +     Faith    .   m - +0 troll leather armour
rPois    ∞         Spirit   .   G - +2 helmet
rElec    .         Reflect  +   x - +0 cloak
rCorr    .         Harm     .   r - +0 pair of gloves
MR       ++...                  Z - -1 pair of boots of Nissi {Int+9 Dex-2} (curse)
Stlth    +.........             j - +6 amulet of reflection
HPRegen  0.72/turn              J - ring "Eriesaiz" {AC+2 Dex+4 Slay+4}
MPRegen  0.26/turn              R - +4 ring of slaying

@: exhausted, very slightly contaminated, very heavily drained
A: no food or potions, fire vulnerability, clumsy 1, cold resistance 1, negative
energy resistance 3, torment resistance, unbreathing, reduced AC 1, in touch
with death 1, temperature sensitive
a: Draw Out Power, Power Leap, Apocalypse, Renounce Religion


You were on level 2 of the Snake Pit.
You worshipped Ru.
Ru was extremely pleased with you.
You were not hungry.

You visited 5 branches of the dungeon, and saw 28 of its levels.
You also visited: Ossuary and Desolation.

You collected 3326 gold pieces.
You spent 867 gold pieces at shops.

Inventory:

Hand Weapons
 i - the +5 glaive "Oghevo" {drain, -Tele Int+7}
   (You took it off a deep elf death mage on level 3 of the Elven Halls)

   A truly terrible weapon, it drains the life of those it strikes.
   It affects your intelligence (+7).
   It prevents most forms of teleportation.
 w - the +0 hand axe of the Living Dead {chop, rPois rF- Int+5}
   (You found it on level 12 of the Dungeon)

   It inflicts extra damage upon your enemies.
   It affects your intelligence (+5).
   It makes you vulnerable to fire.
   It protects you from poison.
 D - the +10 dagger "Meolyoh" {speed, +Fly Str+2 Int-5 Dex+4}
   (You found it on level 10 of the Dungeon)

   Attacks with this weapon are significantly faster.
   It affects your strength (+2).
   It affects your intelligence (-5).
   It affects your dexterity (+4).
   It lets you fly.
 E - the +11 morningstar "Egaoz" (weapon) {protect, rC+}
   (You bought it in a shop on level 10 of the Dungeon)

   It protects the one who uses it against injury (+AC on strike).
   It protects you from cold.
 S - a +0 blowgun
Missiles
 p - 2 throwing nets (quivered)
 T - 2 curare-tipped needles
Armour
 m - a +0 troll leather armour (worn)
 r - a +0 pair of gloves (worn)
 x - a +0 cloak (worn)
 G - a +2 helmet (worn)
 Z - the cursed -1 pair of boots of Nissi (worn) {Int+9 Dex-2}
   (You found it on level 3 of the Elven Halls)

   It affects your intelligence (+9).
   It affects your dexterity (-2).
   It has a curse placed upon it.
Magical Staves
 y - an uncursed staff of energy {!a}
 H - an uncursed staff of death
 Y - an uncursed staff of power {!a}
Jewellery
 j - a +6 amulet of reflection (around neck)
 B - an uncursed ring of ice
 C - an uncursed ring of wizardry
 F - an uncursed ring of see invisible
 I - the ring "Uschiyn" {Fire SInv}
   (You took it off a deep elf high priest on level 3 of the Elven Halls)

   [ring of fire]

   It enhances your fire magic.
   It protects you from fire.
   It makes you vulnerable to cold.
   It lets you see invisible.
 J - the ring "Eriesaiz" (left hand) {AC+2 Dex+4 Slay+4}
   (You took it off a deep elf elementalist on level 3 of the Elven Halls)

   [ring of protection]

   It affects your AC (+2).
   It affects your dexterity (+4).
   It affects your accuracy and damage with ranged weapons and melee attacks
   (+4).
 O - an uncursed ring of resist corrosion
 R - a +4 ring of slaying (right hand)
 U - an uncursed amulet of magic regeneration
Wands
 a - a wand of polymorph (7)
 o - a wand of acid (5)
 L - a wand of flame (23)
 N - a wand of scattershot (5)
 P - a wand of paralysis (48)
 Q - a wand of digging (54)
Scrolls
 c - 5 scrolls of enchant armour
 d - 6 scrolls of amnesia
 e - 13 scrolls of remove curse
 f - 4 scrolls of identify
 g - a scroll of silence
 h - 5 scrolls of fear
 k - a scroll of summoning
 q - 4 scrolls of teleportation
 s - 3 scrolls of blinking
 t - 3 scrolls of fog
 u - 9 scrolls of enchant weapon
 v - 5 scrolls of noise
 A - 2 scrolls of holy word
 K - 2 scrolls of vulnerability
 M - 2 scrolls of immolation
Miscellaneous
 b - a lamp of fire
 V - 2 boxes of beasts
 W - 4 sacks of spiders
 X - a lightning rod (4/4)


   Skills:
 - Level 12.0(6.3) Fighting
 - Level 4.0(0.0) Short Blades
 - Level 16.0(9.8) Maces & Flails
 - Level 5.1(0.4) Armour
 - Level 5.0(0.3) Dodging
 - Level 2.4(0.0) Stealth
 + Level 17.3(11.0) Spellcasting
 - Level 5.2(0.5) Hexes
 + Level 14.7(8.7) Necromancy
 - Level 3.0(0.0) Evocations


You had 35 spell levels left.
You knew the following spells:

 Your Spells              Type           Power        Failure   Level  Hunger
a - Corona                Hex            ###....      3%          1    N/A
b - Ensorcelled Hibernat  Hex/Ice        ###...       6%          2    N/A
c - Confuse               Hex            ###.....     11%         3    N/A
d - Apportation           Tloc           ###...       4%          1    N/A
e - Infestation           Necr           #######...   100%        8    N/A

Dungeon Overview and Level Annotations

Branches:
Dungeon (15/15)            Temple (0/1) D:6            Lair (6/6) D:11
 Shoals (0/4) Lair:2        Snake (2/4) Lair:2        Slime (0/5) Lair:5
    Orc (2/2) D:12            Elf (3/3) Orc:2        Vaults (0/5) D:13
 Depths (0/5) D:15

Altars:
Cheibriados
Fedhas
Kikubaaqudgha
Makhleb
Nemelex Xobeh
Ru
Trog
Uskayaw
Zin
Jiyva

Shops:
D:9 *:   D:10 *(   Orc:2 %(%:**[*(   Elf:3 ==}%

Portals:
Pandemonium: Orc:2

Annotations:
D:10 exclusions: door and 1 more exclusion
Snake:2 xccam's ghost, adept FoFi
Elf:2 3 runed doors


Innate Abilities, Weirdness & Mutations

You do not eat or drink.
Your flesh is vulnerable to fire.
You are immune to poison.
You are clumsy. (Dex -2)
Your flesh is cold resistant. (rC+)
You are immune to negative energy. (rN+++)
You are immune to unholy pain and torment.
You can survive without breathing.
You take slightly more damage. (AC -5)
You are in touch with the powers of death.
You are sensitive to extremes of temperature. (rF-, rC-)


Message History

Unknown command.
Unknown command.
You escape the anaconda's grasp.
Your surroundings suddenly seem different.
A black mamba comes into view.
The black mamba hisses angrily.
The black mamba closely misses you. You block the black mamba's attack.
Found a scythe.
Unknown command.
Unknown command.
You closely miss the black mamba.
The black mamba bites you but does no damage.
Unknown command.
You closely miss the black mamba. The black mamba bites you!
* * * LOW HITPOINT WARNING * * *
The black mamba barely misses you.
Unknown command.
You closely miss the black mamba. The black mamba barely misses you.
The black mamba bites you!
You die...

..... #....
.... ... #..
..###..
.......######.#
.......@S......
#####.........#
##.###.##.# #.
# .. ).. ...
#...


You could see a black mamba.

Vanquished Creatures
  2 deep elf blademasters (Elf:3)
  3 deep elf master archers (Elf:3)
  Agnes (Snake:1)
  A sphinx (Elf:3)
  Kirke (D:13)
  A deep elf sorcerer (Elf:3)
  An orc warlord (Elf:2)
  5 deep elf elementalists (Elf:3)
  Aizul (Snake:1)
  8 deep elf demonologists
  Azrael (Snake:1)
  6 dire elephants (Lair:6)
  11 deep elf annihilators (Elf:3)
  Snorg (Lair:5)
  5 deep elf death magi
  5 deep elf high priests (Elf:3)
  A ragged hierophant (Elf:1)
  2 ogre magi
  2 naga warriors
  Harold (Lair:3)
  A great orb of eyes (Elf:3)
  2 servants of whispers (Desolation)
  A catoblepas (Lair:6)
  A peacekeeper (Desolation)
  4 hydras
  2 anacondas (Snake:1)
  5 centaur warriors
  10 two-headed ogres
  9 orc high priests
  The ghost of xccam the Blocker, a novice FoFi (D:8)
  14 dancing weapons
  A tengu warrior (D:15)
  A shock serpent (Snake:1)
  Urug (Lair:4)
  19 deep elf knights
  4 naga sharpshooters (Snake:1)
  Nergalle (D:11)
  2 unseen horrors
  3 deep trolls (Elf:3)
  A skeletal warrior (D:15)
  A torturous demonspawn (Orc:2)
  2 infernal demonspawn (Orc:2)
  16 deep elf archers
  13 orc knights
  50 deep elf magi
  A mana viper (Snake:1)
  7 orc sorcerers
  3 ugly things
  4 cyclopes
  9 black mambas
  A rust devil (Orc:1)
  A guardian serpent (Snake:2)
  3 naga magi
  16 elephants
  10 spiny frogs
  4 gargoyles
  A black mamba (shapeshifter) (Elf:1)
  6 torpor snails
  2 centaur skeletons
  A rime drake (Lair:6)
  2 freezing wraiths
  6 komodo dragons
  An efreet (D:15)
  An ice devil (Orc:2)
  A queen bee (shapeshifter) (D:15)
  9 trolls
  A jumping spider (shapeshifter) (Elf:2)
  6 saltlings
  2 polar bears (Lair:6)
  A slime creature (D:15)
  3 hornets
  3 blink frogs (Lair:1)
  10 hippogriffs
  An air elemental (Elf:3)
  3 shadows
  A wraith (D:13)
  4 wyverns
  22 yaks
  5 fire elementals (Snake:1)
  2 hogs (D:13)
  4 hungry ghosts
  A human (Lair:2)
  2 chaos spawn (Orc:2)
  7 vampire mosquitoes
  2 basilisks
  9 nagas
  A soldier ant (D:14)
  4 wargs
  5 water moccasins
  2 acid dragons (D:14)
  5 porcupines
  34 orc warriors
  3 hell hounds (Snake:1)
  2 black bears
  12 ogres
  3 phantoms
  4 sky beasts
  4 ice beasts
  5 wolves (Lair:3)
  22 centaurs
  15 crocodiles
  21 bullfrogs
  A wyvern zombie (D:11)
  2 earth elementals
  6 scorpions
  7 killer bees (D:11)
  7 wights
  2 howler monkeys (D:6)
  4 centaur zombies
  3 crimson imps
  A quasit (D:7)
  7 jellies
  25 orc priests
  Crazy Yiuf (D:4)
  3 hounds
  16 orc wizards
  A bullfrog skeleton (D:6)
  5 iguanas
  9 worker ants
  6 big kobold zombies (Ossuary)
  3 hound skeletons
  A mummy (Ossuary)
  3 howler monkey skeletons
  A worker ant zombie (D:11)
  4 gnolls (D:5)
  12 adders
  6 shadow imps
  An ooze (Lair:5)
  An adder zombie (D:5)
  2 adder skeletons
  4 worms
  A dart slug (D:1)
  6 leopard geckos
  85 orcs
  4 spectral bats (Ossuary)
  4 giant cockroaches
  6 gnoll zombies (Ossuary)
  5 goblins
  10 hobgoblins
  10 jackals
  3 quokkas
  2 ball pythons
  8 bats
  5 bat simulacra (Ossuary)
  4 frilled lizards
  4 goblin simulacra (Ossuary)
  7 goblin zombies (Ossuary)
  7 hobgoblin zombies (Ossuary)
  A jackal skeleton (D:4)
  7 kobolds
  3 kobold simulacra (Ossuary)
  2 kobold zombies (Ossuary)
  2 orc zombies (Ossuary)
  A quokka skeleton (D:5)
  7 rats
  2 rat simulacra (Ossuary)
  2 spectral goblins (Ossuary)
  A spectral kobold (Ossuary)
  6 spectral rats (Ossuary)
  A bush (D:11)
  2 plants (Lair:6)
896 creatures vanquished.

Vanquished Creatures (others)
  A deep elf master archer (Elf:3)
  A deep elf death mage (Elf:3)
  A naga warrior (Snake:1)
  An anaconda (Lair:6)
  A deep elf knight (Elf:3)
  A yak (D:8)
  3 humans (D:13)
  A harpy simulacrum (D:15)
  A centaur (D:15)
  A worker ant (D:9)
  2 orcs
  14 bushes
  A fire vortex (D:10)
  5 fungi
  9 plants
43 creatures vanquished.

Grand Total: 939 creatures vanquished

Notes
Turn   | Place    | Note
-------+----------+-------------------------------------------
     0 | D:1      | 4thArraOfDagon the Mummy Enchanter began the quest for the Orb.
     0 | D:1      | Reached XP level 1. HP: 13/13 MP: 4/4
     5 | D:1      | You fall through a shaft!
    44 | D:2      | Reached skill level 1 in Short Blades
   182 | D:1      | Reached XP level 2. HP: 19/19 MP: 5/5
   246 | D:1      | Learned a level 2 spell: Ensorcelled Hibernation
   588 | D:2      | Reached XP level 3. HP: 23/24 MP: 4/7
   593 | D:2      | Learned a level 3 spell: Confuse
  1008 | D:5      | Entered Level 5 of the Dungeon
  1050 | D:5      | Noticed a sky beast
  1443 | D:6      | Noticed a scorpion
  1484 | D:6      | Reached XP level 4. HP: 24/30 MP: 2/8
  1564 | D:6      | Noticed a bullfrog
  1564 | D:6      | Noticed an orc warrior
  1594 | D:4      | Killed a bullfrog
  1626 | D:4      | Reached XP level 5. HP: 25/35 MP: 2/9
  1662 | D:4      | You fall through a shaft!
  1884 | D:6      | Reached skill level 1 in Fighting
  1963 | D:5      | Noticed a phantom
  2096 | D:5      | Found an ancient bone altar of Kikubaaqudgha.
  2096 | D:5      | Found a hide-covered altar of Uskayaw.
  2096 | D:5      | Found a sacrificial altar of Ru.
  2096 | D:5      | Found a glowing silver altar of Zin.
  2106 | D:5      | Became a worshipper of Ru the Awakened
  2161 | D:6      | Reached XP level 6. HP: 43/47 MP: 5/10
  2212 | D:6      | Found a staircase to the Ecumenical Temple.
  2428 | D:7      | Noticed a troll
  2452 | D:7      | Killed a troll
  2452 | D:7      | Reached skill level 5 in Fighting
  2452 | D:7      | Reached XP level 7. HP: 25/57 MP: 1/11
  2475 | D:7      | Noticed a hippogriff
  2606 | D:7      | Reached skill level 1 in Armour
  2656 | D:7      | Noticed a hungry ghost
  2817 | D:7      | Found a sand-covered staircase.
  2821 | Ossuary  | Entered an ossuary
  3102 | Ossuary  | Reached XP level 8. HP: 37/64 MP: 12/12
  3141 | Ossuary  | Gained mutation: You are sensitive to extremes of temperature. (rF-, rC-) [Ru sacrifice]
  3141 | Ossuary  | Reached * piety under Ru
  3141 | Ossuary  | Reached ** piety under Ru
  3637 | D:7      | Killed a hippogriff
  5014 | D:3      | Found a blossoming altar of Fedhas.
  5950 | D:4      | Found a runed door.
  5954 | D:4      | Noticed Crazy Yiuf
  5961 | D:4      | Killed Crazy Yiuf
  5961 | D:4      | Reached skill level 5 in Dodging
  6184 | D:5      | Reached skill level 5 in Armour
  6232 | D:5      | Reached XP level 9. HP: 67/69 MP: 13/13
  6407 | D:5      | Reached skill level 1 in Evocations
  6611 | D:6      | You fall through a shaft!
  6966 | D:8      | Noticed xccam's ghost (novice FoFi)
  6981 | D:8      | 4thArraOfDagon: !lg xccam fofi =log
  6981 | D:8      | beem: Unknown field: fofi
  6981 | D:8      | 4thArraOfDagon: !lg xccam fofi -log
  6981 | D:8      | beem: 75. xccam, XL10 FoFi, T:6382: https://crawl.xtahua.com/crawl/morgue/xccam/morgue-xccam-20180331-082658.txt
  7357 | D:8      | Learned a level 1 spell: Apportation
  7361 | D:8      | Noticed a cyclops
  7707 | D:9      | Noticed a troll
  7966 | D:8      | Killed a troll
  8268 | D:9      | Noticed a troll
  8368 | D:8      | Killed a troll
  8368 | D:8      | Reached XP level 10. HP: 85/85 MP: 8/14
  8380 | D:8      | Killed a cyclops
  8380 | D:8      | Reached skill level 10 in Fighting
  8458 | D:9      | Noticed a two-headed ogre
  8687 | D:9      | Found Koukka's Book Emporium.
  8702 | D:9      | Killed a two-headed ogre
  8980 | D:9      | Found Naanto's General Store.
  8985 | D:9      | Bought a wand of acid (8) for 288 gold pieces
  9036 | D:10     | Entered Level 10 of the Dungeon
  9036 | D:10     | Noticed a gargoyle
  9055 | D:10     | Killed a gargoyle
  9221 | D:10     | Noticed a green ugly thing
  9248 | D:10     | Killed a purple ugly thing
  9376 | D:10     | Found Soirar's Antique Weapon Emporium.
  9512 | D:10     | Got a polished dagger
  9529 | D:10     | Found Eraj's Assorted Antiques.
  9597 | D:10     | Reached skill level 5 in Hexes
  9670 | D:10     | Identified the +10 dagger "Meolyoh" {speed, +Fly Str+2 Int-5 Dex+4} (You found it on level 10 of the Dungeon)
 10151 | D:10     | Bought a crystal morningstar for 234 gold pieces
 10151 | D:10     | Identified the +11 morningstar "Egaoz" {protect, rC+} (You bought it in a shop on level 10 of the Dungeon)
 10287 | D:8      | Killed xccam's ghost
 10287 | D:8      | Reached XP level 11. HP: 95/95 MP: 13/15
 10932 | D:11     | Noticed Nergalle
 10951 | D:11     | Killed Nergalle
 10974 | D:11     | Noticed an unseen horror
 10980 | D:11     | Killed an unseen horror
 11203 | D:11     | Reached skill level 5 in Maces & Flails
 11234 | D:11     | Found a staircase to the Lair.
 11751 | D:12     | Noticed a two-headed ogre
 11767 | D:12     | Killed a two-headed ogre
 11863 | D:12     | Found a labyrinth entrance.
 11890 | D:12     | Got a transparent hand axe
 11919 | D:12     | Noticed an unseen horror
 11929 | D:12     | Killed an unseen horror
 11955 | D:12     | Identified the cursed +0 hand axe of the Living Dead {chop, rPois rF- Int+5} (You found it on level 12 of the Dungeon)
 12008 | D:12     | Found a staircase to the Orcish Mines.
 12160 | D:13     | Noticed a seven-headed hydra
 12175 | D:13     | Killed a seven-headed hydra
 12289 | D:13     | Found a sacrificial altar of Ru.
 12452 | D:13     | Noticed a green ugly thing
 12461 | D:13     | Killed a green ugly thing
 12461 | D:13     | Reached XP level 12. HP: 79/102 MP: 16/16
 12540 | D:13     | Noticed Kirke
 12551 | D:13     | Killed Kirke
 12557 | D:13     | Noticed a centaur warrior
 12568 | D:13     | Noticed a two-headed ogre
 12569 | D:13     | Killed a centaur warrior
 12590 | D:13     | Killed a two-headed ogre
 12590 | D:13     | Reached skill level 10 in Maces & Flails
 12612 | D:13     | Noticed an ogre mage
 12617 | D:13     | Killed an ogre mage
 12625 | D:13     | Noticed a two-headed ogre
 12629 | D:13     | Killed a two-headed ogre
 12678 | D:13     | Found a gate to the Vaults.
 12767 | D:14     | Got a faintly humming leather armour
 12774 | D:14     | Identified the +1 leather armour of the King of the Hill {rC+ MR- Regen+} (You found it on level 14 of the Dungeon)
 12783 | D:14     | Noticed a centaur warrior
 12793 | D:14     | Killed a centaur warrior
 12977 | D:14     | Noticed a two-headed ogre
 12986 | D:14     | Killed a two-headed ogre
 13016 | D:15     | Entered Level 15 of the Dungeon
 13085 | D:15     | Noticed a tengu warrior
 13089 | D:15     | Noticed a centaur warrior
 13093 | D:15     | Killed a tengu warrior
 13100 | D:15     | Killed a centaur warrior
 13111 | D:15     | Noticed a centaur warrior
 13119 | D:15     | Killed a centaur warrior
 13126 | D:15     | Gained mutation: You are in touch with the powers of death. [Mummy growth]
 13126 | D:15     | Reached XP level 13. HP: 79/108 MP: 17/17
 13507 | D:15     | Found a staircase to the Depths.
 13507 | D:15     | Noticed a frost giant
 13831 | Orc:1    | Entered Level 1 of the Orcish Mines
 14031 | Orc:1    | Found a bloodstained altar of Trog.
 14043 | Orc:2    | Entered Level 2 of the Orcish Mines
 14148 | Orc:2    | Found Sifajad's Assorted Antiques.
 14281 | Orc:2    | Found Keari's Food Shop.
 14441 | Orc:2    | Found a staircase to the Elven Halls.
 14716 | Orc:2    | Found Ithued's Antique Armour Shoppe.
 14718 | Orc:2    | Found Ova Pioziom's Weapon Shoppe.
 14882 | Orc:2    | Found a burning altar of Makhleb.
 14918 | Orc:2    | Found Dunul's General Store.
 15107 | Orc:2    | Found Qekhacopp's General Store.
 15119 | Orc:2    | Found Paloozok's Food Emporium.
 15413 | Orc:2    | Reached XP level 14. HP: 50/115 MP: 18/18
 15430 | Orc:2    | Bought a scroll of fog for 30 gold pieces
 15469 | Orc:2    | Gained mutation: You are clumsy. (Dex -2) [Ru sacrifice]
 15469 | Orc:2    | Reached *** piety under Ru
 15679 | Orc:2    | Reached skill level 15 in Maces & Flails
 15794 | Orc:2    | Found Kovies's Antique Weapon Boutique.
 15794 | Orc:2    | Found Furir's Book Shop.
 15794 | Orc:2    | Found a one-way gate leading to the halls of Pandemonium.
 15960 | D:10     | Bought a shimmering ring mail for 315 gold pieces
 15960 | D:10     | Identified the +1 ring mail of Kuemys Wasch {rCorr} (You bought it in a shop on level 10 of the Dungeon)
 16036 | Lair:1   | Entered Level 1 of the Lair of Beasts
 16744 | Lair:2   | Noticed Sonja
 16761 | Lair:2   | Noticed Sonja
 16761 | Lair:2   | Sonja changed into Sonja the human
 16773 | Lair:2   | Killed Sonja the human
 16791 | Lair:2   | Found a staircase to the Shoals.
 16879 | Lair:2   | Found a staircase to the Snake Pit.
 17269 | Lair:3   | Learned a level 8 spell: Infestation
 17369 | Lair:3   | Noticed Harold
 17423 | Lair:3   | Killed Harold
 17423 | Lair:3   | Reached skill level 3 in Spellcasting
 17429 | Lair:3   | Reached skill level 1 in Necromancy
 17816 | Lair:4   | Found a snail-covered altar of Cheibriados.
 17855 | Lair:4   | Reached skill level 4 in Spellcasting
 18105 | Lair:4   | Reached skill level 5 in Spellcasting
 18139 | Lair:4   | Noticed Urug
 18277 | Lair:4   | Killed Urug
 18810 | Lair:5   | Found a runed door.
 18810 | Lair:5   | Found a viscous altar of Jiyva.
 18815 | Lair:5   | Found a staircase to the Slime Pits.
 19162 | Lair:5   | Reached skill level 6 in Spellcasting
 19185 | Lair:5   | Noticed Snorg
 19198 | Lair:5   | Killed Snorg
 19251 | Lair:6   | Entered Level 6 of the Lair of Beasts
 19392 | Lair:5   | Reached skill level 5 in Necromancy
 19436 | Lair:6   | Reached XP level 15. HP: 109/120 MP: 25/25
 19592 | Lair:6   | Reached skill level 7 in Spellcasting
 19897 | Lair:6   | Reached skill level 8 in Spellcasting
 20439 | Lair:6   | Gained mutation: You take slightly more damage. (AC -5) [Ru sacrifice]
 20439 | Lair:6   | Reached **** piety under Ru
 20439 | Lair:6   | Reached ***** piety under Ru
 20476 | Lair:6   | Goblin1989: !hs * muen
 20483 | Lair:6   | beem: 4338. glosham the Archmage (L27 MuEn of Kikubaaqudgha), escaped with the Orb and 15 runes on 2018-02-24 23:10:47, with 13295897 points after 121080 turns and 1d+23:41:06.
 20574 | Lair:6   | Goblin1989: !hs * muen -log
 20575 | Lair:6   | beem: 4338. glosham, XL27 MuEn, T:121080: https://underhound.eu/crawl/morgue/glosham/morgue-glosham-20180224-231047.txt
 20723 | Lair:6   | Identified the Catalogue of Lucky Shape Shifting
 20792 | Lair:6   | Identified the +1 leather armour of Pandemonium {rF- Int+5 Dex+5} (You found it on level 6 of the Lair of Beasts)
 20833 | Lair:6   | Reached skill level 9 in Spellcasting
 21176 | Elf:1    | Entered Level 1 of the Elven Halls
 21249 | Elf:1    | Found a ruined gateway.
 21284 | Desolati | Entered the Desolation of Salt
 21489 | Elf:1    | Reached skill level 10 in Spellcasting
 21829 | Elf:1    | Reached skill level 11 in Spellcasting
 22189 | Elf:3    | Entered Level 3 of the Elven Halls
 22191 | Elf:3    | Found Amena's Food Emporium.
 22265 | Elf:3    | Noticed an orc warlord
 22266 | Elf:3    | Noticed a deep elf blademaster
 22268 | Elf:3    | Noticed a sphinx
 22274 | Elf:3    | Reached XP level 16. HP: 81/127 MP: 23/31
 22306 | Elf:2    | Reached skill level 12 in Spellcasting
 22306 | Elf:2    | Reached skill level 10 in Necromancy
 22950 | Elf:2    | Noticed a Hell Sentinel
 23036 | Elf:2    | Reached skill level 13 in Spellcasting
 23139 | Elf:2    | Identified the Collected Works on Creation
 23507 | Elf:2    | Found a runed gate.
 23507 | Elf:2    | Found a runed gate.
 23517 | Elf:2    | Found a runed gate.
 23937 | Elf:3    | Reached skill level 14 in Spellcasting
 24177 | Elf:3    | Noticed a Hell Sentinel
 24401 | Elf:3    | Killed a deep elf blademaster
 24573 | Elf:3    | Killed a sphinx
 24678 | Elf:3    | Identified the +5 glaive "Oghevo" {drain, -Tele Int+7} (You took it off a deep elf death mage on level 3 of the Elven Halls)
 24695 | Elf:3    | Noticed a deep elf master archer
 24702 | Elf:3    | Killed a deep elf master archer
 24702 | Elf:3    | Reached XP level 17. HP: 122/133 MP: 27/35
 24709 | Elf:3    | Reached skill level 15 in Spellcasting
 24762 | Elf:3    | Noticed a deep elf master archer
 24764 | Elf:3    | Killed a deep elf master archer
 24831 | Elf:3    | Noticed a deep elf master archer
 24919 | Elf:3    | Killed a deep elf master archer
 25052 | Elf:3    | Identified the +9 falchion of the Crawling Thing {drain, +Fly MP+9 Str-2 Dex+4} (You took it off a deep elf annihilator on level 3 of the Elven Halls)
 25067 | Elf:3    | Got a flickering jade ring
 25068 | Elf:3    | Identified the ring "Uschiyn" {Fire SInv} (You took it off a deep elf high priest on level 3 of the Elven Halls)
 25182 | Elf:3    | Found Hoprubb's Jewellery Shoppe.
 25183 | Elf:3    | Found Udastrugogh's Gadget Shop.
 25193 | Elf:3    | Got a twitching golden ring
 25194 | Elf:3    | Identified the ring "Eriesaiz" {AC+2 Dex+4 Slay+4} (You took it off a deep elf elementalist on level 3 of the Elven Halls)
 25196 | Elf:3    | Found Kohuuxut's Jewellery Shoppe.
 25217 | Elf:3    | Identified the +7 hand axe of the Realm of Zot {chop, rPois MR- Dex+3} (You took it off a deep elf elementalist on level 3 of the Elven Halls)
 25362 | Elf:3    | Reached skill level 16 in Spellcasting
 25382 | Elf:3    | Paralysed by a great orb of eyes for 2 turns
 25610 | Elf:3    | Noticed a deep elf blademaster
 25617 | Elf:3    | Killed a deep elf blademaster
 25699 | Elf:3    | Noticed a deep elf master archer
 25700 | Elf:3    | Killed a deep elf master archer
 26059 | Elf:3    | Identified the cursed -1 pair of boots of Nissi {Int+9 Dex-2} (You found it on level 3 of the Elven Halls)
 26378 | Snake:1  | Entered Level 1 of the Snake Pit
 26660 | Snake:1  | Found a sparkling altar of Nemelex Xobeh.
 26662 | Snake:1  | Noticed Agnes
 26667 | Snake:1  | Killed Agnes
 26691 | Snake:1  | Noticed Aizul
 26704 | Snake:1  | Killed Aizul
 26704 | Snake:1  | Reached skill level 17 in Spellcasting
 27019 | Snake:1  | Noticed Azrael
 27020 | Snake:1  | Killed Azrael
 27270 | Snake:2  | Noticed xccam's ghost (adept FoFi)
 27284 | Snake:2  | Slain by a black mamba

Vault maps used:
D:1:      nicolae_arrival_washed_ashore
D:2:      item_on_display_a
D:3:      overflow_temple_1_default
D:4:      uniq_crazy_yiuf_cottage
D:5:      nicolae_overflow_hidden_temple, first_ration
D:6:      minmay_temple_entry_junction
D:7:      enter_ossuary_5, grunt_ogre_cave, minivault_5
D:8:      minmay_strange_pillars
D:9:      serial_shops, kennysheep_little_box, nicolae_shop_waterfront,
          kennysheep_boxes
D:10:     serial_shops, nicolae_shop_statue_plus, shop, hangedman_incinerator
D:11:     erik_lair_orcish_takeover, minmay_hedge_maze, uniq_nergalle
D:12:     orc_0_dummy, lab_entry_generic
D:13:     david_vaults_2, nicolae_ru_awakened_eye, uniq_kirke
D:14:     roderic_serpentine_path
D:15:     grunt_enter_depths_snipers, serial_park_square1, serial_bayou_pond_b
Lair:1:   grunt_megastairs_2
Lair:2:   minmay_shoals_entry_centaurs, guppyfry_snake_entry_garden, uniq_sonja
Lair:3:   minivault_19, serial_bayou_pond_d, uniq_harold
Lair:4:   kennysheep_snail_temple, lemuel_fruit_tree, uniq_urug
Lair:5:   slime_altar_2, uniq_snorg
Lair:6:   due_jungle_book
Snake:1:  basic_altar, uniq_agnes, uniq_aizul, uniq_azrael
Snake:2:  special_room, grunt_megastairs_5, uniq_vashnia, uniq_donald
Orc:1:    trog_book
Orc:2:    pf_orc_diabolical, basic_altar, serial_shops, shop,
          nicolae_shop_statue_plus, nicolae_shop_overgrown_old_shop, shop, shop
Elf:1:    elf_arrival_002, portal_desolation_entry_salt,
          minmay_elf_crystal_hexagon
Elf:2:    minmay_elf_demonology
Elf:3:    minmay_elf_hall_furrowed, serial_shops, nicolae_shop_statue_plus,
          elf_orc_summit_meeting, minmay_shop_grove
Ossuary:  ossuary_zaba_two_paths

Skill      XL: |  1  2  3  4  5  6  7  8  9 10 11 12 13 14 15 16 17 |
---------------+----------------------------------------------------+-----
Short Blades   | 1 2 3 4 |  4.0
Fighting       | 3 5 6 9 12 | 12.0
Armour         | 2 5 |  5.1
Dodging        | 3 5 |  5.0
Evocations     | 3 |  3.0
Hexes          | 5 |  5.2
Maces & Flails | 2 8 12 14 16 | 16.0
Spellcasting   | 6 11 14 17 | 17.3
Necromancy     | 5 9 12 14 | 14.7
Stealth        | |  2.4

Action                   |  1- 3 |  4- 6 |  7- 9 | 10-12 | 13-15 | 16-18 || total
-------------------------+-------+-------+-------+-------+-------+-------++-------
Melee: Dagger            |    96 |    66 |   660 |       |       |       ||   822
       Quarterstaff      |       |       |   303 |   229 |       |       ||   532
       Morningstar       |       |       |       |   383 |  1273 |   664 ||  2320
 Fire: Blowgun           |       |       |       |       |    12 |       ||    12
Throw: Throwing net      |       |     2 |       |       |     2 |       ||     4
 Cast: Corona            |    18 |     9 |    11 |    16 |     5 |       ||    59
       Ensorcelled Hiber |    19 |    18 |    47 |       |       |       ||    84
       Confuse           |     2 |     6 |    16 |    36 |     3 |       ||    63
Invok: Reject Sacrifices |       |       |     1 |     1 |     1 |     1 ||     4
       Sacrifice Resista |       |       |     1 |       |       |       ||     1
       Draw Out Power    |       |       |       |       |     2 |     1 ||     3
       Sacrifice Purity  |       |       |       |       |     1 |       ||     1
       Apocalypse        |       |       |       |       |     8 |    17 ||    25
       Sacrifice Health  |       |       |       |       |     1 |       ||     1
Evoke: Wand              |       |     1 |     2 |    18 |    34 |     7 ||    62
       Sack of spiders   |       |       |       |       |     1 |       ||     1
  Use: Scroll            |     8 |     2 |     4 |     5 |     9 |    19 ||    47
 Stab: Sleeping          |    10 |     8 |    35 |     2 |     1 |       ||    56
       Confused          |     1 |     1 |     4 |     5 |       |       ||    11
       Held in net/web   |       |     1 |       |       |     1 |       ||     2
       Invisible         |       |       |     2 |       |     6 |    11 ||    19
       Petrified         |       |       |     9 |     9 |       |       ||    18
       Paralysed         |       |       |     4 |     3 |       |    23 ||    30
       Distracted        |       |       |     2 |     2 |     1 |     2 ||     7
       Petrifying        |       |       |       |     1 |       |       ||     1
Armor: Robe              |    24 |    17 |       |       |       |       ||    41
       Troll leather arm |       |       |   243 |   214 |   299 |   143 ||   899
Dodge: Dodged            |    72 |    56 |   423 |   364 |   524 |   160 ||  1599
Block: Other             |    11 |    29 |   222 |   150 |   258 |    94 ||   764
       Reflection        |       |       |     2 |     3 |    17 |     9 ||    31

Table legend:
 A = Spawn XP
 B = Non-spawn XP
 C = Spawn XP percentage of total XP
 D = Spawn monster count
 E = Non-spawn monster count
 F = Spawn count percentage of total count
 G = Total turns spent on level
                    A         B        C        D         E        F      G
               +---------+---------+-------+---------+---------+-------+---------
         Total |       0 |  286943 |   0.0 |       0 |     901 |   0.0 | 27284
               +---------+---------+-------+---------+---------+-------+---------
           D:1 |       0 |      28 |   0.0 |       0 |      17 |   0.0 |   938
           D:2 |       0 |      59 |   0.0 |       0 |      19 |   0.0 |   630
           D:3 |       0 |      70 |   0.0 |       0 |      22 |   0.0 |   561
           D:4 |       0 |     344 |   0.0 |       0 |      23 |   0.0 |  1294
           D:5 |       0 |     638 |   0.0 |       0 |      29 |   0.0 |  1203
           D:6 |       0 |     788 |   0.0 |       0 |      21 |   0.0 |  1055
           D:7 |       0 |    1459 |   0.0 |       0 |      28 |   0.0 |  1316
           D:8 |       0 |    3243 |   0.0 |       0 |      22 |   0.0 |  1240
           D:9 |       0 |    2680 |   0.0 |       0 |      31 |   0.0 |   926
          D:10 |       0 |    2350 |   0.0 |       0 |      19 |   0.0 |  1181
          D:11 |       0 |    4318 |   0.0 |       0 |      31 |   0.0 |   994
          D:12 |       0 |    2358 |   0.0 |       0 |      11 |   0.0 |   570
          D:13 |       0 |   10825 |   0.0 |       0 |      32 |   0.0 |   643
          D:14 |       0 |    5985 |   0.0 |       0 |      21 |   0.0 |   343
          D:15 |       0 |   13922 |   0.0 |       0 |      34 |   0.0 |   686
        Lair:1 |       0 |    3559 |   0.0 |       0 |      15 |   0.0 |   660
        Lair:2 |       0 |    2167 |   0.0 |       0 |      13 |   0.0 |   502
        Lair:3 |       0 |    7977 |   0.0 |       0 |      31 |   0.0 |   668
        Lair:4 |       0 |    9065 |   0.0 |       0 |      27 |   0.0 |   964
        Lair:5 |       0 |    5158 |   0.0 |       0 |      17 |   0.0 |   637
        Lair:6 |       0 |   18691 |   0.0 |       0 |      38 |   0.0 |  1616
       Snake:1 |       0 |   17659 |   0.0 |       0 |      32 |   0.0 |   790
       Snake:2 |       0 |    2447 |   0.0 |       0 |       6 |   0.0 |   116
         Orc:1 |       0 |    4173 |   0.0 |       0 |      29 |   0.0 |   533
         Orc:2 |       0 |   18597 |   0.0 |       0 |      94 |   0.0 |  1801
         Elf:1 |       0 |   29458 |   0.0 |       0 |      46 |   0.0 |  1242
         Elf:2 |       0 |   27768 |   0.0 |       0 |      46 |   0.0 |  1308
         Elf:3 |       0 |   86956 |   0.0 |       0 |      82 |   0.0 |  2186
       Ossuary |       0 |     235 |   0.0 |       0 |      58 |   0.0 |   513
    Desolation |       0 |    3966 |   0.0 |       0 |       7 |   0.0 |   168
               +---------+---------+-------+---------+---------+-------+---------
